 Dungeon Crawl Stone Soup version 0.29-a0-923-g6e406bff71 (webtiles) character file.

Game seed: 5918027188597234327

1278 Newt the Slasher (level 8, -7/58 HPs)
             Began as a Demonspawn Gladiator on July 27, 2022.
             Was an Initiate of Ru.
             Mangled by a vampire (8 damage)
             ... on level 6 of the Dungeon.
             The game lasted 00:19:00 (5752 turns).

Newt the Slasher (Demonspawn Gladiator)             Turns: 5752, Time: 00:19:02

Health: -7/58      AC:  9    Str: 17    XL:     8   Next: 29%
Magic:  12/12      EV: 12    Int: 21    God:    Ru [......]
Gold:   194        SH:  0    Dex: 15    Spells: 8/12 levels left

rFire   . . .      SeeInvis .   k - +2 great sword (vorpal)
rCold   . . .      Faith    .   (shield currently unavailable)
rNeg    . . .      Spirit   .   s - +3 leather armour
rPois   .          Reflect  .   b - +0 helmet
rElec   .          Harm     .   E - scarf {+Inv}
rCorr   .          Rampage  .   z - +1 pair of gloves
Will    .....                   (no boots)
Stlth   +.........              (no amulet)
HPRegen 0.19/turn               t - +6 ring of intelligence
MPRegen 0.13/turn               (no ring)

@: no status effects
A: spiny 2, big brain 3
a: Renounce Religion, Evoke Invisibility


You were on level 6 of the Dungeon.
You worshipped Ru.
Ru was noncommittal.
You visited 2 branches of the dungeon, and saw 7 of its levels.

You collected 194 gold pieces.

Inventory:

Hand Weapons
 k - a +2 vorpal great sword (weapon)
 q - a +0 vorpal falchion
Missiles
 d - 3 javelins
 i - 14 poisoned darts (quivered)
Armour
 a - a +0 leather armour
 b - a +0 helmet (worn)
 e - a +0 ring mail
 s - a +3 leather armour (worn)
 v - a +0 ring mail of fire resistance
 z - a +1 pair of gloves (worn)
 C - a +2 chain mail of poison resistance
 E - a scarf of invisibility (worn)
Magical Staves
 x - a staff of poison
Jewellery
 t - a +6 ring of intelligence (left hand)
 B - a ring of resist corrosion
Wands
 I - a wand of iceblast (6)
 J - a wand of mindburst (9)
Scrolls
 g - 2 scrolls of amnesia
 n - a scroll of torment {unknown}
 o - 5 scrolls of identify
 u - a scroll of noise
 w - a scroll of teleportation {unknown}
 D - a scroll of summoning {unknown}
 G - a scroll of enchant weapon {unknown}
 H - a scroll of magic mapping {unknown}
Potions
 c - a potion of cancellation {unknown}
 h - a potion of degeneration {unknown}
 l - a potion of might
 m - 2 potions of mutation
 p - 2 potions of heal wounds {unknown}
 r - a potion of resistance {unknown}
 A - a potion of ambrosia {unknown}
 F - a potion of flight {unknown}


   Skills:
 + Level 3.2 Fighting
 * Level 5.7 Long Blades
 + Level 2.3 Throwing
 + Level 2.3 Armour
 - Level 3.2 Dodging
 - Level 3.3 Unarmed Combat
 * Level 2.8 Spellcasting
 * Level 2.3 Transmutations
 * Level 2.6 Earth Magic


You had 8 spell levels left.
You knew the following spells:

 Your Spells              Type           Power      Damage    Failure   Level
a - Petrify               Tmut/Erth      13%        N/A       22%         4

Your spell library contained the following spells:

 Spells                   Type           Power      Damage    Failure   Level
 Poisonous Vapours        Pois/Air       4%         N/A       10%         2
 Corpse Rot               Necr/Pois/Air  2%         N/A       52%         4
 Fireball                 Conj/Fire      1%         3d3       85%         5
 Metabolic Englaciation   Hex/Ice        1%         N/A       85%         5
 Statue Form              Tmut/Erth      8%         N/A       96%         6
 Starburst                Conj/Fire      1%         6d3       100%        6
 Ignition                 Fire           1%         3d3       100%        8


Dungeon Overview and Level Annotations

Branches:
Dungeon (6/15)             Temple (1/1) D:5

Altars:
Ashenzari
Cheibriados
Dithmenos
Gozag
Hepliaklqana
Kikubaaqudgha
Nemelex Xobeh
Qazlal
Ru
Sif Muna
Trog
Uskayaw
Vehumet
Wu Jian
Xom

Shops:
D:1 :   D:3 :


Innate Abilities, Weirdness & Mutations

You are mostly covered in sharp spines.
You have an absolutely massive brain. (Int +6, Wiz)


Message History

Unknown command.
You bump into the rock wall.
You bump into the rock wall.
You're too confused to move!
You hear some strange, mumbled words.
You are more confused.
Something barely misses you. Something bites you but does no damage.
Something hits you but does no damage. Something bites you but does no damage.
You bump into the rock wall.
Something draws life force from you!
You closely miss something. Something hits you! Something bites you.
Something draws strength from your injuries!
You feel better. Something hits you but does no damage. Something bites you.
Something draws strength from your injuries!
As you read the scroll labelled GEIP WUIG VUA, it crumbles to dust.
It is a scroll of amnesia.
Really abort (and waste the scroll)? [Y]es or [N]o only, please.
Really abort (and waste the scroll)?
Okay, then.
Something hits you! Something bites you but does no damage.
You closely miss something. Something hits you.
Something bites you but does no damage. Something hits you but does no damage.
Something bites you but does no damage.
You barely miss something. Something hits you but does no damage.
Something bites you but does no damage.
You barely miss something. Something draws life force from you!
Something hits you!
* * * LOW HITPOINT WARNING * * *
Something bites you!
* * * LOW HITPOINT WARNING * * *
Something draws strength from your injuries!
As you read the scroll labelled FAUXUROBOC, it crumbles to dust.
You hear a loud clanging noise!
It was a scroll of noise.
Something hits you!
* * * LOW HITPOINT WARNING * * *
Something barely misses you.
The air fills with toxic fumes!
As you read the scroll labelled OLUNLOATHRA, it crumbles to dust.
It was a scroll of poison.
Something hits you!
You die...

..# #.# #.####### ........#
#.#####.# #.# #.# # ..#####.####
...
####.....§§################...8.
#.#...§§§§§§§@.§§§§§§.?..._.(
####.#..##§#§###############..8.
..##.#.....#.# . ..##.#.##..#.#
..##.#.##..#.# ..##.........#
..#######.#### ### #.# # #.#


There were no monsters in sight!

Vanquished Creatures
  Eustachio (D:5)
  Edmund (D:5)
  A water moccasin (D:6)
  An ogre (D:5)
  A kobold brigand (D:6)
  A necrophage (D:4)
  2 scorpions
  A bullfrog (D:6)
  A howler monkey (D:6)
  A jelly (D:4)
  An orc priest (D:5)
  A gnoll bouda (D:4)
  4 hounds
  2 iguanas (D:4)
  An orc wizard (D:6)
  A mummy (D:3)
  3 gnolls (D:4)
  7 adders
  A shadow imp (D:6)
  2 white imps (D:6)
  2 ufetubi
  3 worms
  A dart slug (D:1)
  12 orcs
  7 ball pythons
  3 bats
  5 endoplasms
  5 giant cockroaches
  6 goblins
  7 hobgoblins
  A quokka (D:3)
  6 kobolds
  A rat (D:2)
93 creatures vanquished.

Vanquished Creatures (others)
  A plant (D:6)
1 creature vanquished.

Grand Total: 94 creatures vanquished

Notes
Turn   | Place    | Note
-------+----------+-------------------------------------------
     0 | D:1      | Newt the Demonspawn Gladiator began the quest for the Orb.
     0 | D:1      | Reached XP level 1. HP: 16/16 MP: 1/1
   255 | D:1      | Gained mutation: You are partially covered in sharp spines.
                  | [demonic ancestry]
   255 | D:1      | Reached XP level 2. HP: 17/22 MP: 2/2
   335 | D:1      | Found a faded altar of an unknown god.
   625 | D:1      | Found Nythreli's Book Shoppe.
   964 | D:2      | Reached XP level 3. HP: 27/27 MP: 3/3
  1593 | D:2      | Identified the +3 ring mail of Hairiness {rF+}
  1691 | D:3      | Found a snail-covered altar of Cheibriados.
  1699 | D:3      | Reached skill level 1 in Long Blades
  1758 | D:3      | Found Atweygoe's Book Shop.
  1815 | D:3      | Gained mutation: You have an unusually large brain. (Int
                  | +2) [demonic ancestry]
  1815 | D:3      | Reached XP level 4. HP: 33/33 MP: 4/4
  1917 | D:3      | Found a radiant altar of Vehumet.
  2137 | D:4      | Found a stormy altar of Qazlal.
  2176 | D:4      | Reached XP level 5. HP: 2/38 MP: 4/6
  2524 | D:4      | Reached skill level 1 in Spellcasting
  2537 | D:4      | Reached skill level 1 in Armour
  2599 | D:4      | Reached skill level 2 in Long Blades
  2599 | D:4      | Reached skill level 1 in Earth Magic
  2606 | D:4      | Gained mutation: You have an extremely huge brain. (Int +4)
                  | [demonic ancestry]
  2606 | D:4      | Reached XP level 6. HP: 17/45 MP: 8/8
  2796 | D:4      | Reached skill level 3 in Long Blades
  2796 | D:4      | Reached skill level 1 in Transmutations
  3599 | D:5      | Entered Level 5 of the Dungeon
  3599 | D:5      | Noticed Eustachio
  3609 | D:5      | Killed Eustachio
  3610 | D:5      | Gained mutation: You have an absolutely massive brain. (Int
                  | +6, Wiz) [demonic ancestry]
  3610 | D:5      | Reached XP level 7. HP: 44/51 MP: 8/10
  3655 | D:4      | Learned a level 4 spell: Petrify
  3665 | D:5      | Reached skill level 4 in Long Blades
  3831 | D:5      | Noticed Edmund
  3849 | D:5      | Killed Edmund
  4083 | D:5      | Found a staircase to the Ecumenical Temple.
  4100 | Temple   | Entered the Ecumenical Temple
  4410 | Temple   | Became a worshipper of Ru the Awakened
  5136 | D:6      | Found a shimmering altar of Xom.
  5142 | D:6      | Reached skill level 5 in Long Blades
  5142 | D:6      | Gained mutation: You are mostly covered in sharp spines.
                  | [demonic ancestry]
  5142 | D:6      | Reached XP level 8. HP: 53/58 MP: 11/11
  5726 | D:6      | Found an opulent altar of Gozag.
  5751 | D:6      | HP: 1/58 [something (7)]
  5752 | D:6      | Mangled by a vampire

Illustrated notes

Levels and vault maps discovered:
D:1:      grunt_arrival_lava_bath, layout_loops_ring,
          chequers_ecumenical_altar_island, serial_shops, shop_fountains
D:2:      layout_basic
D:3:      layout_rooms, slow_altar_1, mainiacjoe_overflow_small_starburst,
          serial_shops, nicolae_lakefront_shop, nrook_uturn
D:4:      layout_basic, nicolae_qazlal_general_emergency, marbit_many_paths
D:5:      layout_rooms, minmay_temple_entry_hall, cheibrodos_sewer_entry_bend,
          uniq_edmund, uniq_eustachio
D:6:      layout_loops_cross, hangedman_feature_mirror, serial_bayou_pond_e
Temple:   minmay_temple_curvy_branch

Skill      XL: |  1  2  3  4  5  6  7 |
---------------+----------------------+-----
Unarmed Combat | 3 |  3.3
Dodging        | 3 |  3.2
Long Blades    | 1 2 3 5 |  5.7
Throwing       | 2 |  2.3
Spellcasting   | 1 2 |  2.8
Armour         | 1 2 |  2.3
Earth Magic    | 1 2 |  2.6
Transmutations | 1 2 |  2.3
Fighting       | 3 |  3.2

Action                   |  1- 3 |  4- 6 |  7- 9 || total
-------------------------+-------+-------+-------++-------
Melee: Unarmed           |    54 |       |       ||    54
       Punch             |     2 |       |       ||     2
       Great sword       |    14 |    71 |    72 ||   157
Throw: Throwing net      |     2 |     2 |     1 ||     5
       Javelin           |       |     2 |       ||     2
       Dart              |       |       |     4 ||     4
  Use: Scroll            |     3 |       |     3 ||     6
       Potion            |       |     4 |     2 ||     6
 Stab: Held in net/web   |     2 |       |       ||     2
Armor: Leather armour    |     5 |    24 |    41 ||    70
       Ring mail         |    16 |       |       ||    16
       Skin              |     2 |       |       ||     2
Dodge: Dodged            |    33 |    55 |    49 ||   137

Table legend: (Time is in decaauts)
 A = Elapsed time spent in this place.
 B = Non-inter-level travel time spent in this place.
 C = Inter-level travel time spent in this place.
 D = Time resting spent in this place.
 E = Time spent auto-exploring this place.
 F = Levels seen in this place.
 G = Mean time per level.
                   A        B        C        D        E       F      G
               +--------+--------+--------+--------+--------+-----+--------+
         Total |   5840 |   5532 |    308 |   1090 |   3367 |   7 |  834.3 |
       Dungeon |   5507 |   5199 |    308 |   1090 |   3230 |   6 |  917.8 |
        Temple |    332 |    332 |      0 |      0 |    137 |   1 |  332.0 |
               +--------+--------+--------+--------+--------+-----+--------+

Top non-repeatable levels by time:
     D:4: 1562 daAuts
     D:5: 971 daAuts
     D:6: 843 daAuts
     D:1: 829 daAuts
     D:2: 797 daAuts
     D:3: 503 daAuts
  Temple: 332 daAuts
